 Dungeon Crawl Stone Soup version 0.17.1-3-g152610e (webtiles) character file.

303 CcS the Sneak (level 6, -3/41 HPs)
             Began as a Vampire Enchanter on Mar 27, 2016.
             Slain by a spriggan baker
             ... wielding a +0 dagger
              (10 damage)
             ... on level 7 of the Dungeon.
             The game lasted 00:09:05 (3179 turns).

CcS the Sneak (Vampire Enchanter)                   Turns: 3179, Time: 00:09:05

Health: -3/41      AC:  4    Str:  7    XL:     6   Next: 15%
Magic:  2/9        EV: 13    Int: 18    God:
Gold:   140        SH:  0    Dex: 16    Spells: 4 memorised, 0 levels left

rFire  . . .     SeeInvis +     i - +2 dagger (venom)
rCold  + + +     Clarity  .     j - +1 robe {rC+}
rNeg   + + +     SustAt   .     (no shield)
rPois  +         Gourm    .     (no helmet)
rElec  .         Spirit   .     g - +0 cloak
rCorr  .         Warding  .     (no gloves)
rMut   .         Stasis   .     (no boots)
MR     .....                    (no amulet)
Stlth  ++++......               (no ring)
                                (no ring)

@: very slightly contaminated, regenerating slowly, not resistant to hostile
enchantments, stealthy
A: fangs 3, see invisible, unbreathing
a: Bat Form


You were on level 7 of the Dungeon.
You were near bloodless.

You visited 1 branch of the dungeon, and saw 5 of its levels.

You collected 140 gold pieces.

Inventory:

Hand Weapons
 i - a +2 dagger of venom (weapon)
   (You took it off a goblin on level 2 of the Dungeon)
Missiles
 e - 3 curare-tipped needles
Armour
 b - a +1 robe
 g - a +0 cloak (worn)
   (You took it off Crazy Yiuf on level 2 of the Dungeon)
 j - a +1 robe of cold resistance (worn)
   (You took it off Jessica on level 3 of the Dungeon)
Jewellery
 p - an uncursed amulet of rage {+Rage, !d}
   (You found it on level 2 of the Dungeon)
Scrolls
 a - a scroll of immolation {unknown}
 f - 2 scrolls of identify
 h - 2 scrolls of enchant weapon {unknown}
 k - a scroll of remove curse {unknown}
 l - a scroll of amnesia {unknown}
 m - 5 scrolls of teleportation {unknown}
Potions
 d - 10 potions of blood {@q1}
 n - a potion of resistance
Books
 c - a book of Maledictions


   Skills:
 - Level 4.0 Short Blades
 - Level 2.1 Dodging
 + Level 7.5 Stealth
 - Level 2.0 Spellcasting
 - Level 6.0 Hexes
 - Level 1.0 Ice Magic


You couldn't memorise any spells.
You knew the following spells:

 Your Spells              Type           Power        Failure   Level  Hunger
a - Corona                Hex            ###....      1%          1    #......
b - Ensorcelled Hibernat  Hex/Ice        ##....       8%          2    ###....
c - Confuse               Hex            ###.....     4%          3    ###....
d - Tukima's Dance        Hex            ###.....     4%          3    ###....


Dungeon Overview and Level Annotations

Branches:
Dungeon (7/15)
 Temple: D:4-7

Altars:
Makhleb
Xom

Shops:
D:4 }


Innate Abilities, Weirdness & Mutations

You heal slowly.
You have razor-sharp teeth.
You have supernaturally acute eyesight.
You can survive without breathing.


Message History

Moving in this stuff is going to be slow.
There is a shaft here.
You enter the shallow water.
Moving in this stuff is going to be slow.
You see here a stone.
You open the door.
There is an open door here.
Found a stone staircase leading up.
Health restored: 41; MP restored: 9 Done exploring.
Done exploring.
Drink which item? (? for menu, Esc to quit)
Okay, then.
Done exploring.
Done exploring.
Done exploring.
There is a stone staircase leading down here.
You climb downwards.
There is a stone staircase leading up here.
Read which item? (? for menu, Esc to quit)
As you read the scroll labeled AKHIDU AWILUL, it crumbles to dust.
It is a scroll of identify.
Identify which item? (\ to view known items) (? for menu, Esc to quit)
p - an uncursed amulet of rage
Found a stone staircase leading down.
There is a stone staircase leading down here.
Found a stone staircase leading up.
There is a stone staircase leading up here.
Found a stone staircase leading down.
Found Wuwip's Gadget Shop.
No target in view!
You fall through a shaft for 3 floors!
The shaft crumbles and collapses.
An orc comes into view. It is wielding a flail.
The helpless orc fails to defend itself.
You bite the orc, and draw its blood!
You feel slightly less thirsty.
You spit the orc like a pig!!!
You kill the orc!
m - 5 scrolls labeled XID LIENUNT (gained 3)
A hound skeleton comes into view.
Found a burning altar of Makhleb.
The hound skeleton barely misses you.
You don't know that spell.
You hit the hound skeleton. The hound skeleton bites you.
You take 2 damage, and have 39/41 hp.
You hit the hound skeleton. The hound skeleton closely misses you.
You hit the hound skeleton. The hound skeleton bites you.
You take 2 damage, and have 37/41 hp.
You hit the hound skeleton. The hound skeleton closely misses you.
You hit the hound skeleton. The hound skeleton misses you.
You hit the hound skeleton.
The hound skeleton completely misses you.
You hit the hound skeleton.
You destroy the hound skeleton!
No target in view!
No target in view!
Memorise Confuse, consuming 3 spell levels and leaving 3?
You start memorising the spell.
You continue memorising.
You continue memorising. x2
You finish memorising.
Spell assigned to 'c'.
Memorise Tukima's Dance, consuming 3 spell levels and leaving 0?
You start memorising the spell.
You continue memorising.
You continue memorising. x2
You finish memorising.
Spell assigned to 'd'.
Unknown command.
As you open the door, it creaks loudly!
A spriggan baker comes into view. It is wielding a dagger.
The spriggan baker shouts!
Aim: a spriggan baker, wielding a dagger and wearing a robe (chance to defeat MR: 20%)
You miscast Confuse.
You are very lightly contaminated with residual magic.
You feel off-balance for a moment. The spriggan baker misses you.
You now have 6/9 mp.
Aim: a spriggan baker, wielding a dagger and wearing a robe (chance to defeat MR: 20%)
The spriggan baker resists with almost no effort.
You feel almost devoid of blood!
The spriggan baker hits you with a dagger!
You take 13 damage, and have 26/41 hp.
MASSIVE DAMAGE!!
You now have 3/9 mp.
Aim: a spriggan baker, wielding a dagger and wearing a robe (chance to defeat MR: 20%)
The spriggan baker resists with almost no effort.
The spriggan baker hits you with a dagger.
You take 6 damage, and have 20/41 hp.
You now have 0/9 mp.
Unknown command.
The spriggan baker misses you.
The spriggan baker hits you with a dagger!
* * * LOW HITPOINT WARNING * * *
You take 13 damage, and have 7/41 hp.
MASSIVE DAMAGE!!
The spriggan baker hits you but does no damage.
The spriggan baker misses you. The spriggan baker closely misses you.
The spriggan baker hits you with a dagger.
* * * LOW HITPOINT WARNING * * *
You take 1 damage, and have 6/41 hp.
The spriggan baker closely misses you. The spriggan baker misses you.
The spriggan baker hits you with a dagger!
You die...

#.#.####.....#..###Z#
#.#.# ####.....# ..#
#.#.# #....## ..#
..... ###....# _.#
..... #.....## ##
.... #....#### ...
#.......# #..i....#
#..@....# #.......#
#.......# ##....###
.## #....# .....
#....# .....###....#
............#
............#


You could see a spriggan baker.

Vanquished Creatures
  A scorpion (D:3)
  Crazy Yiuf (D:2)
  Jessica (D:3)
  A worker ant (D:2)
  A hound skeleton (D:7)
  7 adders
  3 gnolls (D:2)
  An ooze (D:1)
  3 worms
  3 orcs
  4 bats
  7 giant cockroaches
  8 goblins
  3 hobgoblins
  A ball python (D:2)
  6 giant newts
  12 kobolds
  8 rats
71 creatures vanquished.

Notes
Turn   | Place    | Note
--------------------------------------------------------------
     0 | D:1      | CcS the Vampire Enchanter began the quest for the Orb.
     0 | D:1      | Reached XP level 1. HP: 13/13 MP: 3/3
   179 | D:1      | Reached skill level 2 in Short Blades
   339 | D:1      | Reached XP level 2. HP: 16/19 MP: 5/5
   478 | D:1      | Reached skill level 5 in Stealth
   590 | D:1      | Learned a level 2 spell: Ensorcelled Hibernation
   893 | D:2      | Reached XP level 3. HP: 24/24 MP: 6/6
   894 | D:2      | Found a shimmering altar of Xom.
  1018 | D:2      | Reached skill level 6 in Stealth
  1051 | D:2      | HP: 6/24 [adder (1)]
  1056 | D:2      | HP: 4/24 [adder (1)]
  1058 | D:2      | Reached skill level 1 in Ice Magic
  1062 | D:2      | HP: 3/24 [poisoned by an adder]
  1469 | D:2      | Reached XP level 4. HP: 30/30 MP: 7/7
  1527 | D:2      | Reached skill level 3 in Short Blades
  1775 | D:2      | Noticed Crazy Yiuf
  1787 | D:2      | Killed Crazy Yiuf
  1858 | D:2      | Reached skill level 4 in Short Blades
  1866 | D:2      | Reached XP level 5. HP: 33/35 MP: 2/8
  2169 | D:3      | Reached skill level 5 in Hexes
  2200 | D:3      | Reached skill level 6 in Hexes
  2569 | D:3      | Reached skill level 7 in Stealth
  2604 | D:3      | Noticed Jessica
  2746 | D:3      | Killed Jessica
  2746 | D:3      | Reached XP level 6. HP: 29/41 MP: 1/9
  3082 | D:4      | Found Wuwip's Gadget Shop.
  3086 | D:4      | You fall through a shaft for 3 floors!
  3122 | D:7      | Found a burning altar of Makhleb.
  3140 | D:7      | Learned a level 3 spell: Confuse
  3144 | D:7      | Learned a level 3 spell: Tukima's Dance
  3158 | D:7      | Noticed a spriggan baker
  3163 | D:7      | HP: 7/41 [spriggan baker/dagger (13)]
  3172 | D:7      | HP: 6/41 [spriggan baker/dagger (1)]
  3179 | D:7      | Slain by a spriggan baker

Action                   |  1- 3 |  4- 6 || total
-------------------------+-------+-------++-------
Melee: Dagger            |    80 |    61 ||   141
 Cast: Corona            |     9 |       ||     9
       Ensorcelled Hiber |    10 |    32 ||    42
       Confuse           |       |     2 ||     2
  Use: Potion            |    13 |       ||    13
       Scroll            |       |     1 ||     1
 Stab: Sleeping          |    21 |    24 ||    45

Vault maps used:
D:1:      lemuel_arrival_muddy, solitary_fountain
D:2:      xom_teletrap_fun, uniq_crazy_yiuf_cottage
D:3:      wad_lake_hut, uniq_jessica
D:4:      kennysheep_mini, yredelemnul_altar_generic, serial_shops, shop,
          glass_columns_a, amethyst_killhole
D:7:      grunt_gozag_statues, makhleb_blood_cavern_becter,
          lightli_temple_of_fire, the_bakery, uniq_prince_ribbit1, uniq_menkaure

Table legend:
 A = Turns spent in this place as a percentage of turns spent in the entire game.
 B = Non-inter-level travel turns spent in this place as a percentage of non-inter-level travel turns spent in the entire game.
 C = Inter-level travel turns spent in this place as a percentage of turns spent in this place.
 D = Turns resting spent in this place as a percentage of non-inter-level travel turns spent in this place.
 E = Turns spent auto-exploring this place as a percentage of non-inter-level travel turns spent in this place.
 F = Non-inter-level travel turns spent in this place divided by the number of levels of this place that you've seen.
                   A       B       C       D       E      F
               +-------+-------+-------+-------+-------+----------------------
         Total | 100.0 | 100.0 |   0.4 |   2.1 |   9.7 | 216.2
       Dungeon | 100.0 | 100.0 |   0.4 |   2.1 |   9.7 | 216.2
               +-------+-------+-------+-------+-------+----------------------

Table legend:
 A = Kills in this place as a percentage of kills in entire the game.
 B = Kills by you in this place as a percentage of kills by you in the entire game.
 C = Kills by friends in this place as a percentage of kills by friends in the entire game.
 D = Other kills in this place as a percentage of other kills in the entire game.
 E = Experience gained in this place as a percentage of experience gained in the entire game.
 F = Experience gained in this place divided by the number of levels of this place that you have seen.
                   A       B       C       D       E      F
               +-------+-------+-------+-------+-------+----------------------
         Total | 100.0 | 100.0 |  -nan |  -nan | 100.0 |  86.8
       Dungeon | 100.0 | 100.0 |  -nan |  -nan | 100.0 |  86.8
               +-------+-------+-------+-------+-------+----------------------
